[Event "ICC tourney 3172 (30 10)"]
[Site "Internet Chess Club"]
[Date "2023.04.15"]
[Round "4"]
[White "WEN, YILI:yyyw"]
[Black "YU, AVERY:Averyyu321"]
[Result "1-0"]
[ICCResult "Black resigns"]
[WhiteElo "2111"]
[BlackElo "1973"]
[Opening "English: Neo-Catalan"]
[ECO "A13"]
[NIC "RE.11"]
[Time "18:02:02"]
[PlyCount "39"]
[TimeControl "1800+10"]

1. c4 e6 2. Nf3 d5 3. g3 Nf6 4. Bg2 c6 5. Qc2 Be7 6. O-O O-O 7. d4 b6 8.
Nbd2 Bb7 9. Rd1 Nbd7 10. e4 Rc8 11. Ne5 c5 12. exd5 exd5 13. Qa4 cxd4 14.
Nxd7 Qxd7 15. Qxd7 Nxd7 16. cxd5 Nf6 17. d6 Bxg2 18. dxe7 Rfe8 19. Kxg2 Rxe7
20. Nf3 {Black resigns} 1-0

[Event "ICC tourney 3172 (30 10)"]
[Site "Internet Chess Club"]
[Date "2023.04.15"]
[Round "4"]
[White "ZHAO, DANSON:K01-30127679"]
[Black "TANG, OWEN:OwenT477"]
[Result "1-0"]
[ICCResult "Black resigns"]
[WhiteElo "1594"]
[BlackElo "1829"]
[Opening "French: exchange variation"]
[ECO "C01"]
[NIC "FR.01"]
[Time "18:01:02"]
[PlyCount "49"]
[TimeControl "1800+10"]

1. e4 e6 2. d4 d5 3. exd5 exd5 4. Bd3 Nf6 5. Nf3 c6 6. O-O Bd6 7. Re1+ Be6
8. Ng5 O-O 9. Nxe6 fxe6 10. Rxe6 Qc7 11. h3 Nbd7 12. Nd2 Rf7 13. Nf3 Nf8 14.
Re2 Nh5 15. c4 Qd7 16. Ne5 Bxe5 17. Rxe5 Nf4 18. Bxf4 Rxf4 19. cxd5 cxd5 20.
Qd2 Rf7 21. Qa5 Ne6 22. Qxd5 Qxd5 23. Rxd5 Nf4 24. Bc4 Rc8 25. Rc5
{Black resigns}
1-0

[Event "ICC tourney 3172 (30 10)"]
[Site "Internet Chess Club"]
[Date "2023.04.15"]
[Round "4"]
[White "YAN, RUIYANG:jy2020"]
[Black "CHINNI, RISHABH:alphachesplayer"]
[Result "1-0"]
[ICCResult "Black resigns"]
[WhiteElo "2351"]
[BlackElo "1993"]
[Opening "Ruy Lopez: Anderssen variation"]
[ECO "C77"]
[NIC "RL.12"]
[Time "18:00:06"]
[PlyCount "111"]
[TimeControl "1800+10"]

1. e4 e5 2. Nf3 Nc6 3. Bb5 a6 4. Ba4 Nf6 5. d3 b5 6. Bb3 Bc5 7. Nc3 d6 8.
Nd5 h6 9. c3 O-O 10. Nxf6+ Qxf6 11. Bd5 Bb7 12. g4 Qg6 13. Rg1 Nb4 14. Bxb7
Rab8 15. cxb4 Bxb4+ 16. Bd2 Bxd2+ 17. Qxd2 Rxb7 18. Nh4 Qf6 19. Nf5 Kh7 20.
h4 Qg6 21. g5 h5 22. Qe2 c6 23. Ng3 d5 24. Qxh5+ Qxh5 25. Nxh5 dxe4 26. dxe4
Rd7 27. Ke2 Rd4 28. Ng3 Rfd8 29. Rgd1 f6 30. Rxd4 Rxd4 31. Rd1 Ra4 32. a3 b4
33. Rd7 fxg5 34. hxg5 bxa3 35. bxa3 Kg6 36. Kf3 Kxg5 37. Rxg7+ Kf6 38. Nh5+
Ke6 39. Rg6+ Kd7 40. Nf6+ Kc7 41. Ng4 Rxa3+ 42. Kg2 Ra5 43. Re6 Ra4 44. Rxe5
Kd6 45. f4 Ra2+ 46. Kg3 Ra3+ 47. Kh4 Rf3 48. Kg5 c5 49. Rd5+ Kc6 50. Ne5+
Kb6 51. Nxf3 c4 52. Nd4 c3 53. f5 a5 54. Nc2 a4 55. f6 a3 56. f7 {Black
resigns} 1-0

[Event "ICC tourney 3172 (30 10)"]
[Site "Internet Chess Club"]
[Date "2023.04.15"]
[Round "4"]
[White "INDUKURI, SUHAS VARMA:Suhas12"]
[Black "Cao, Frank Zhongtian:FrankCao"]
[Result "1-0"]
[ICCResult "Black resigns"]
[WhiteElo "1823"]
[BlackElo "1738"]
[Opening "Caro-Kann: classical variation"]
[ECO "B18"]
[NIC "CK.10"]
[Time "18:00:22"]
[PlyCount "37"]
[TimeControl "1800+10"]

1. e4 c6 2. d4 d5 3. Nd2 dxe4 4. Nxe4 Bf5 5. Ng3 Bg6 6. Nf3 Nd7 7. Bd3 Bxd3
8. Qxd3 e6 9. Bd2 Ngf6 10. O-O-O Be7 11. h4 O-O 12. Ng5 c5 13. Bc3 cxd4 14.
Bxd4 Bc5 15. Bc3 Qc7 16. N3e4 Qf4+ 17. Kb1 Nxe4 18. Nxe4 Rad8 19. Nxc5
{Black resigns}
1-0

[Event "ICC tourney 3172 (30 10)"]
[Site "Internet Chess Club"]
[Date "2023.04.15"]
[Round "4"]
[White "LIN, GABRIEL:danaglin"]
[Black "OPASKA, MICHAEL:mopaska1106"]
[Result "0-1"]
[ICCResult "White resigns"]
[WhiteElo "1696"]
[BlackElo "1909"]
[Opening "Caro-Kann: exchange, Rubinstein variation"]
[ECO "B13"]
[NIC "CK.02"]
[Time "18:01:02"]
[PlyCount "92"]
[TimeControl "1800+10"]

1. e4 c6 2. d4 d5 3. exd5 cxd5 4. Bd3 Nc6 5. c3 Nf6 6. Bf4 Bg4 7. Nf3 e6 8.
Nbd2 Bd6 9. Bxd6 Qxd6 10. O-O O-O 11. h3 Bh5 12. Re1 Ne7 13. Qb3 Bg6 14. Ne5
Bxd3 15. Nxd3 a6 16. a4 h6 17. a5 Rab8 18. Qa4 Nf5 19. Nc5 Rfd8 20. Nf3 Nd7
21. b4 Nxc5 22. bxc5 Qf4 23. Rab1 g5 24. Rb6 h5 25. Ne5 Qd2 26. Reb1 Qxc3
27. Nc6 bxc6 28. Rxb8 Rxb8 29. Rxb8+ Kg7 30. Qxc6 Qc1+ 31. Kh2 Qf4+ 32. Kg1
Qxb8 33. Qxa6 Nxd4 34. Qb6 Qa8 35. a6 Nc6 36. g3 d4 37. Kf1 e5 38. f3 Kf8
39. Ke2 Ke7 40. Qc7+ Ke8 41. Qb6 Kd7 42. Kd3 Qa7 43. Qb5 Kc7 44. Qc4 Qxa6
45. Qxa6 Nb4+ 46. Kc4 Nxa6 {White resigns} 0-1

[Event "ICC tourney 3172 (30 10)"]
[Site "Internet Chess Club"]
[Date "2023.04.15"]
[Round "4"]
[White "Makhmud, Adi:Chesshustler21"]
[Black "SHOLL, CRAIG H:craigsholl66"]
[Result "1-0"]
[ICCResult "Black checkmated"]
[WhiteElo "1396"]
[BlackElo "1762"]
[Opening "Queen's pawn game"]
[ECO "D00"]
[NIC "QP.07"]
[Time "18:00:11"]
[PlyCount "103"]
[TimeControl "1800+10"]

1. d4 Nf6 2. Nc3 d5 3. Bf4 e6 4. Nb5 Na6 5. e3 c6 6. Nc3 Qb6 7. Rb1 Bb4 8.
Bd3 Qa5 9. Ne2 c5 10. Bb5+ Bd7 11. Bxd7+ Nxd7 12. a3 Bxc3+ 13. Nxc3 b6 14.
Qg4 Rg8 15. Qh5 Nf6 16. Qe5 Ne4 17. dxc5 Naxc5 18. b4 Qxa3 19. Nxd5 f6 20.
Nc7+ Kf7 21. Qh5+ g6 22. Qe2 Qc3+ 23. Kf1 Rad8 24. Nb5 Rd2 25. Nxc3 Rxe2 26.
Nxe2 Nd2+ 27. Ke1 Nxb1 28. bxc5 e5 29. Bg3 Rc8 30. f4 exf4 31. Bxf4 Rxc5 32.
Nd4 g5 33. Bb8 Ra5 34. Nc6 Rc5 35. Nd4 Ra5 36. Ke2 Nc3+ 37. Kd3 Ra3 38. Bd6
Ra5 39. Kxc3 Rd5 40. Bb8 a5 41. Rb1 Rc5+ 42. Kd3 Rc8 43. Rxb6 a4 44. Bd6 Ra8
45. Rb7+ Kg6 46. g4 Ra5 47. Nf5 Rxf5 48. gxf5+ Kxf5 49. e4+ Ke6 50. Ba3 h5
51. Kd4 h4 52. Re7# {Black checkmated} 1-0

[Event "ICC tourney 3172 (30 10)"]
[Site "Internet Chess Club"]
[Date "2023.04.15"]
[Round "4"]
[White "ZHU, LINXI:duone"]
[Black "SHEEHAN, ETHAN THOMAS:Chessking2008"]
[Result "0-1"]
[ICCResult "White resigns"]
[WhiteElo "1977"]
[BlackElo "2312"]
[Opening "Sicilian: Najdorf"]
[ECO "B90"]
[NIC "SI.14"]
[Time "18:04:37"]
[PlyCount "150"]
[TimeControl "1800+10"]

1. e4 c5 2. Nf3 d6 3. d4 cxd4 4. Nxd4 Nf6 5. Nc3 a6 6. f3 e5 7. Nb3 Be6 8.
Be3 Be7 9. Qd2 h5 10. O-O-O Nbd7 11. Be2 b5 12. Nd5 Nxd5 13. exd5 Bf5 14.
Bd3 Bxd3 15. Qxd3 Bg5 16. Bxg5 Qxg5+ 17. Kb1 O-O 18. h4 Qg3 19. Qf5 Nf6 20.
Qg5 Qf2 21. Rhf1 Qe2 22. Nd2 b4 23. Rfe1 Qf2 24. Rf1 Qc5 25. Ne4 Nxe4 26.
fxe4 Rac8 27. Rd2 a5 28. Qxh5 a4 29. Qf3 a3 30. b3 Qc3 31. Qxc3 Rxc3 32. Rf3
Rxf3 33. gxf3 f5 34. Kc1 fxe4 35. fxe4 Rf1+ 36. Rd1 Rf4 37. Re1 Rxh4 38. Kd2
Rh3 39. Rg1 Kh7 40. Rg2 g6 41. Rf2 Kg7 42. Rg2 Rf3 43. Ke2 Rc3 44. Kd2 Rh3
45. Ke2 Rh1 46. Kd3 Re1 47. Rh2 g5 48. Rf2 Kg6 49. Rf8 g4 50. Rd8 Kg5 51.
Rxd6 g3 52. Rd8 Kg4 53. Rg8+ Kf3 54. Rf8+ Kg2 55. Rg8 Kf2 56. Rf8+ Kg1 57.
Rg8 g2 58. Rg7 Ra1 59. Kc4 Rxa2 60. Kxb4 Rxc2 61. Kxa3 Kf1 62. Rf7+ Rf2 63.
Rg7 g1=Q 64. Rxg1+ Kxg1 65. Kb4 Rc2 66. Kb5 Kf2 67. d6 Ke3 68. Kb6 Kxe4 69.
d7 Rd2 70. Kc7 Kf5 71. b4 e4 72. b5 e3 73. b6 e2 74. b7 e1=Q 75. b8=Q Qe5+
{White resigns}
0-1

[Event "ICC tourney 3172 (30 10)"]
[Site "Internet Chess Club"]
[Date "2023.04.15"]
[Round "4"]
[White "Volkov, Sergey:Volkov"]
[Black "WU, JAYDEN:SparkyNinja"]
[Result "1-0"]
[ICCResult "Black resigns"]
[WhiteElo "2503"]
[BlackElo "2014"]
[Opening "Nimzo-Indian: Kmoch variation"]
[ECO "E20"]
[NIC "NI.30"]
[Time "18:00:06"]
[PlyCount "59"]
[TimeControl "1800+10"]

1. d4 Nf6 2. c4 e6 3. Nc3 Bb4 4. f3 d5 5. a3 Bxc3+ 6. bxc3 c6 7. e4 O-O 8.
e5 Nfd7 9. f4 b6 10. Nf3 Re8 11. Bd3 Nf8 12. O-O Ba6 13. cxd5 Bxd3 14. Qxd3
cxd5 15. g4 Nc6 16. f5 exf5 17. gxf5 Rc8 18. Ra2 Kh8 19. Ng5 Qc7 20. e6 Nd8
21. Re2 f6 22. Nh3 Re7 23. Nf4 Qd6 24. Qf3 Nb7 25. Nxd5 Ree8 26. Bf4 Qc6 27.
e7 Nd7 28. Re6 Qc4 29. Ne3 Qxc3 30. Qxb7 {Black resigns} 1-0

[Event "ICC tourney 3172 (30 10)"]
[Site "Internet Chess Club"]
[Date "2023.04.15"]
[Round "4"]
[White "ZHOU, JIANCHAO:TomCruise999"]
[Black "Belous, Vladimir:Openyagami"]
[Result "0-1"]
[ICCResult "White forfeits on time"]
[WhiteElo "2648"]
[BlackElo "2604"]
[Opening "King's Indian: orthodox variation"]
[ECO "E94"]
[NIC "KI.15"]
[Time "18:00:15"]
[PlyCount "90"]
[TimeControl "1800+10"]

1. d4 Nf6 2. c4 g6 3. Nc3 Bg7 4. e4 d6 5. Be2 O-O 6. Nf3 e5 7. O-O Na6 8.
Re1 Bg4 9. Be3 c6 10. d5 Bd7 11. Nd2 h5 12. dxc6 Bxc6 13. f3 h4 14. Rb1 Nc5
15. b4 Ne6 16. b5 Be8 17. Nb3 Nh5 18. Qd2 Nef4 19. Bf1 Qg5 20. Nd5 Bd7 21.
Nxf4 Nxf4 22. Rbd1 Rfd8 23. Na5 b6 24. Nb7 Rdb8 25. Nxd6 Be6 26. Kh1 Bf8 27.
Bxf4 exf4 28. e5 Bg7 29. Qd4 Rd8 30. h3 Rac8 31. a4 Rd7 32. a5 Rc5 33. axb6
axb6 34. Ne4 Rxd4 35. Nxg5 Rxe5 36. Nxe6 Rxe1 37. Rxe1 fxe6 38. c5 bxc5 39.
Rb1 Rb4 40. Rxb4 cxb4 41. Bc4 Bd4 42. Bxe6+ Kg7 43. g4 fxg3 44. f4 Kf6 45.
Bb3 Kf5 {White forfeits on time} 0-1

[Event "ICC tourney 3172 (30 10)"]
[Site "Internet Chess Club"]
[Date "2023.04.15"]
[Round "4"]
[White "Feng, Jay:TheDeadlyPawn"]
[Black "Jin, Xiaodong:SuperWJ"]
[Result "1-0"]
[ICCResult "Black forfeits on time"]
[WhiteElo "1882"]
[BlackElo "1944"]
[Opening "Robatsch defense: three pawns attack"]
[ECO "B06"]
[NIC "KF.05"]
[Time "18:00:05"]
[PlyCount "81"]
[TimeControl "1800+10"]

1. e4 g6 2. d4 Bg7 3. f4 d6 4. Nf3 Nh6 5. c3 O-O 6. Bd3 c5 7. d5 f5 8. exf5
Nxf5 9. O-O e6 10. Bc4 exd5 11. Bxd5+ Kh8 12. Na3 Nc6 13. Qd3 a6 14. Bd2
Nce7 15. Rae1 Nxd5 16. Qxd5 Qc7 17. Re2 Rb8 18. Rfe1 b5 19. g4 Bb7 20. Qe6
Bxf3 21. gxf5 Bxe2 22. Rxe2 Rxf5 23. Nc2 Rf6 24. Qe4 Qd7 25. Ne3 Re8 26. Qf3
Rfe6 27. Rf2 Re4 28. f5 gxf5 29. Nxf5 R4e5 30. Bh6 Bxh6 31. Nxh6 Qg7+ 32.
Ng4 h5 33. Rg2 hxg4 34. Rxg4 Rg5 35. Qh3+ Kg8 36. Rg3 Rxg3+ 37. hxg3 Re4 38.
Qc8+ Kh7 39. Qh3+ Qh6 40. Qd7+ Kg8 41. Qd8+ {Black forfeits on time} 1-0

[Event "ICC tourney 3172 (30 10)"]
[Site "Internet Chess Club"]
[Date "2023.04.15"]
[Round "4"]
[White "BERKLEY, DARRIN K:drberkley"]
[Black "Laido, Olivia:beibeiolivia"]
[Result "1/2-1/2"]
[ICCResult "Game drawn by repetition"]
[WhiteElo "1890"]
[BlackElo "1959"]
[Opening "Giuoco Pianissimo: Italian four knights variation"]
[ECO "C25"]
[NIC "VG.04"]
[Time "18:00:07"]
[PlyCount "222"]
[TimeControl "1800+10"]

1. e4 e5 2. Nc3 Bc5 3. Nf3 Nc6 4. Bc4 Nf6 5. d3 h6 6. h3 d6 7. O-O O-O 8.
Na4 Bb6 9. Nxb6 axb6 10. a3 Be6 11. Bxe6 fxe6 12. c3 d5 13. Qe2 Qe7 14. Re1
Rae8 15. Bd2 Qf7 16. b4 Nd7 17. Qd1 Qg6 18. Kh2 Rf6 19. Qb3 Qf7 20. Re2 Kh8
21. Rae1 d4 22. c4 Rg8 23. Kg1 g5 24. Nh2 h5 25. f3 Ne7 26. Qd1 Rfg6 27. Rf1
Nf6 28. Be1 R6g7 29. Qc1 Ng6 30. g3 h4 31. Ng4 Nxg4 32. fxg4 Qe7 33. Bd2 Nf8
34. gxh4 gxh4 35. Ref2 Nd7 36. Rf3 Ra8 37. Bh6 Rh7 38. Bg5 Qe8 39. Bf6+ Nxf6
40. Rxf6 Qg8 41. c5 b5 42. Qb2 Re8 43. Qf2 c6 44. Rf7 Rxf7 45. Qxf7 Qxf7 46.
Rxf7 Ra8 47. Rxb7 Rxa3 48. Rb6 Rxd3 49. Rxc6 Rxh3 50. Rxe6 Rg3+ 51. Kf2 Rxg4
52. Rxe5 d3 53. Ke3 Rg3+ 54. Kd2 h3 55. c6 Rg7 56. Rh5+ Rh7 57. c7 Rxh5 58.
c8=Q+ Kh7 59. Qc7+ Kh6 60. Qh2 Kg5 61. Kxd3 Kg4 62. Ke3 Rg5 63. e5 Kh4 64.
e6 Rg3+ 65. Ke4 Rg2 66. Qf4+ Rg4 67. e7 h2 68. Ke5 Rxf4 69. e8=Q Re4+ 70.
Kxe4 h1=Q+ 71. Kd4 Qg1+ 72. Kd5 Qg5+ 73. Qe5 Qd8+ 74. Kc6 Qc8+ 75. Kxb5 Qb7+
76. Kc4 Qc6+ 77. Qc5 Qe6+ 78. Kd3 Qb3+ 79. Kd4 Qd1+ 80. Kc4 Qe2+ 81. Kd5
Qf3+ 82. Kd6 Qf6+ 83. Kc7 Qf4+ 84. Kb6 Qb8+ 85. Ka5 Qa8+ 86. Kb5 Qb7+ 87.
Kc4 Qa6+ 88. b5 Qa2+ 89. Kd4 Qd2+ 90. Ke5 Qh2+ 91. Kd5 Qg2+ 92. Kd6 Qg6+ 93.
Kc7 Qg3+ 94. Qd6 Qc3+ 95. Qc6 Qe5+ 96. Kb7 Qe7+ 97. Ka6 Qa3+ 98. Kb6 Qe3+
99. Qc5 Qe6+ 100. Kb7 Qd7+ 101. Kb6 Qd8+ 102. Kc6 Qc8+ 103. Kd5 Qd7+ 104.
Kc4 Qf7+ 105. Kd3 Qb3+ 106. Ke2 Qb2+ 107. Kd3 Qb3+ 108. Ke2 Qb2+ 109. Kd3
Qb3+ 110. Ke2 Qb2+ 111. Kd3 Qb3+ {Game drawn by repetition} 1/2-1/2

[Event "ICC tourney 3172 (30 10)"]
[Site "Internet Chess Club"]
[Date "2023.04.15"]
[Round "5"]
[White "OPASKA, MICHAEL:mopaska1106"]
[Black "ZHAO, DANSON:K01-30127679"]
[Result "1-0"]
[ICCResult "Black checkmated"]
[WhiteElo "1909"]
[BlackElo "1594"]
[Opening "Grünfeld: modern exchange variation"]
[ECO "D85"]
[NIC "GI.04"]
[Time "20:01:01"]
[PlyCount "65"]
[TimeControl "1800+10"]

1. d4 Nf6 2. c4 g6 3. Nc3 d5 4. cxd5 Nxd5 5. e4 Nxc3 6. bxc3 Bg7 7. Nf3 c5
8. Be3 Nc6 9. Qd2 cxd4 10. cxd4 O-O 11. Be2 Bg4 12. Rd1 f5 13. e5 Qa5 14. g3
Qxd2+ 15. Rxd2 e6 16. h3 Bh5 17. O-O h6 18. h4 Rad8 19. Kg2 Kf7 20. Rb1 b6
21. Rc1 Ne7 22. Rc7 a5 23. Rb2 Rb8 24. Rb5 Rfc8 25. Rxc8 Nxc8 26. Bc4 Na7
27. Rb1 b5 28. d5 Nc8 29. dxe6+ Ke7 30. Bc5+ Ke8 31. Bxb5+ Kd8 32. Rd1+ Kc7
33. Rd7# {Black checkmated} 1-0

[Event "ICC tourney 3172 (30 10)"]
[Site "Internet Chess Club"]
[Date "2023.04.15"]
[Round "5"]
[White "TANG, OWEN:OwenT477"]
[Black "LIN, GABRIEL:danaglin"]
[Result "1-0"]
[ICCResult "Black resigns"]
[WhiteElo "1829"]
[BlackElo "1696"]
[Opening "French: Winawer, advance variation"]
[ECO "C18"]
[NIC "FR.11"]
[Time "20:01:01"]
[PlyCount "45"]
[TimeControl "1800+10"]

1. e4 e6 2. d4 d5 3. Nc3 Bb4 4. e5 c5 5. a3 Bxc3+ 6. bxc3 Qb6 7. Qg4 g6 8.
Nf3 Ne7 9. Bd3 O-O 10. Qh4 Nf5 11. Bxf5 exf5 12. Ng5 h5 13. O-O Nc6 14. Be3
Qa5 15. Qg3 Qxc3 16. e6 cxd4 17. Nxf7 dxe3 18. Qxg6+ Qg7 19. Nh6+ Kh8 20.
Qxh5 Bxe6 21. Nf7+ Kg8 22. Nh6+ Kh7 23. Nxf5+ {Black resigns} 1-0

[Event "ICC tourney 3172 (30 10)"]
[Site "Internet Chess Club"]
[Date "2023.04.15"]
[Round "5"]
[White "MARKOVIC, GORAN:Goran21"]
[Black "LU, JOSHUA:qingjoshua"]
[Result "0-1"]
[ICCResult "White resigns"]
[WhiteElo "2075"]
[BlackElo "2095"]
[Opening "Caro-Kann: anti-anti-Caro-Kann defense"]
[ECO "B10"]
[NIC "CK.01"]
[Time "20:00:13"]
[PlyCount "124"]
[TimeControl "1800+10"]

1. e4 c6 2. c4 d5 3. exd5 cxd5 4. cxd5 Nf6 5. Nc3 g6 6. Qb3 Bg7 7. Bc4 O-O
8. Nf3 Nbd7 9. d4 Nb6 10. O-O Nxc4 11. Qxc4 b6 12. Ne5 Bb7 13. Nc6 Qd7 14.
Re1 Rfe8 15. b3 Nxd5 16. Nxd5 Bxc6 17. Nc3 Rac8 18. Qf1 Bxd4 19. Rd1 Qg4 20.
Bb2 Bxc3 21. Bxc3 Bxg2 22. Qxg2 Qxg2+ 23. Kxg2 Rxc3 24. Rd7 a5 25. Rb7 Rc6
26. Rd1 Re6 27. Rdd7 Kf8 28. a3 Rc8 29. Rd3 Rc2 30. Rf3 f5 31. h3 Kf7 32.
Rb8 Rd6 33. Rb7 Re2 34. Kf1 Re4 35. Rc3 Kf6 36. a4 h5 37. Kg2 Rb4 38. Rb8 e5
39. Rf8+ Ke7 40. Rg8 Kf7 41. Rb8 e4 42. Rb7+ Kf6 43. h4 e3 44. Rxe3 Rxh4 45.
Rb8 Rg4+ 46. Kf3 Kg5 47. Rh8 Rd2 48. Re6 Rd3+ 49. Ke2 Rxb3 50. Rg8 Re4+ 51.
Rxe4 fxe4 52. Rb8 h4 53. Kf1 h3 54. Kg1 Kg4 55. Kh2 Rb2 56. Rf8 e3 57. Kg1
exf2+ 58. Kf1 h2 59. Rh8 h1=Q+ 60. Rxh1 Rb1+ 61. Kxf2 Rxh1 62. Kg2 Ra1
{White resigns}
0-1

[Event "ICC tourney 3172 (30 10)"]
[Site "Internet Chess Club"]
[Date "2023.04.15"]
[Round "5"]
[White "BERKLEY, DARRIN K:drberkley"]
[Black "ZHU, LINXI:duone"]
[Result "1-0"]
[ICCResult "Black resigns"]
[WhiteElo "1890"]
[BlackElo "1977"]
[Opening "Sicilian: Grand Prix attack"]
[ECO "B23"]
[NIC "SI.44"]
[Time "20:00:05"]
[PlyCount "117"]
[TimeControl "1800+10"]

1. e4 c5 2. Nc3 Nc6 3. f4 g6 4. Nf3 Bg7 5. Bb5 Nd4 6. O-O Nxb5 7. Nxb5 d6 8.
h3 a6 9. Nc3 b5 10. d3 e6 11. Qe1 Ne7 12. Qh4 Bb7 13. Ne2 Nc6 14. c3 Qxh4
15. Nxh4 f5 16. Ng3 Kd7 17. Nf3 Ne7 18. Be3 Rac8 19. Rfe1 Rhf8 20. Bd2 Rce8
21. Rad1 Kc7 22. Ng5 Kd7 23. Nxh7 Rh8 24. Ng5 Nc8 25. Be3 Bf6 26. Nf3 Kc7
27. Rc1 Kb8 28. Bf2 Nb6 29. Nd2 Na4 30. Rc2 b4 31. Nc4 bxc3 32. Nxd6 Re7 33.
e5 Bh4 34. bxc3 g5 35. fxg5 Bxg5 36. d4 cxd4 37. cxd4 Rg8 38. Rb1 Bh4 39.
Nxb7 Rxb7 40. Rxb7+ Kxb7 41. Nh5 Bxf2+ 42. Kxf2 Nb6 43. Nf6 Rd8 44. Ke3 a5
45. h4 Rh8 46. h5 a4 47. g3 Nd5+ 48. Nxd5 exd5 49. Rh2 Kc6 50. Kf4 Rf8 51.
h6 Kd7 52. h7 Rh8 53. Kxf5 Ke7 54. g4 Kf7 55. g5 a3 56. g6+ Kg7 57. Rh3 Rf8+
58. Ke6 Kh8 59. Kxd5 {Black resigns} 1-0

[Event "ICC tourney 3172 (30 10)"]
[Site "Internet Chess Club"]
[Date "2023.04.15"]
[Round "5"]
[White "INDUKURI, SUHAS VARMA:Suhas12"]
[Black "SHERNOFF, LEON:LeonShernoff"]
[Result "1-0"]
[ICCResult "Black resigns"]
[WhiteElo "1823"]
[BlackElo "1924"]
[Opening "Two knights defense (Modern bishop's opening)"]
[ECO "C55"]
[NIC "IG.01"]
[Time "20:00:11"]
[PlyCount "125"]
[TimeControl "1800+10"]

1. e4 e5 2. Nf3 Nc6 3. Bc4 Nf6 4. d3 d5 5. exd5 Nxd5 6. O-O Be7 7. Re1 Qd6
8. Bxd5 Qxd5 9. Nc3 Qa5 10. Bd2 f6 11. a3 Qc5 12. b4 Qd6 13. Ne4 Qd8 14. Be3
O-O 15. Bc5 Bxc5 16. Nxc5 b6 17. Nb3 Be6 18. Qe2 Bxb3 19. cxb3 Qd5 20. Rac1
Rad8 21. Red1 Rf7 22. Qc2 Rd6 23. Qc4 Qxc4 24. Rxc4 Rfd7 25. Rdc1 Nd4 26.
Nxd4 Rxd4 27. Rxc7 Rxd3 28. h3 Kf8 29. Rxd7 Rxd7 30. Rc3 Ke7 31. Kf1 f5 32.
Ke2 Ke6 33. Ke3 g5 34. f3 h5 35. g3 f4+ 36. gxf4 exf4+ 37. Ke4 Rd1 38. Rc6+
Ke7 39. Rg6 Rb1 40. Rxg5 Rxb3 41. Rxh5 Rxa3 42. Kxf4 Rb3 43. Kg3 Rxb4 44.
Rh7+ Kf6 45. Rxa7 b5 46. Rb7 Rb1 47. h4 b4 48. h5 Kg5 49. Rb5+ Kh6 50. Kg4
Rg1+ 51. Kf5 Rh1 52. Rxb4 Rxh5+ 53. Kf6 Rh3 54. f4 Rh4 55. Kf7 Kh7 56. Re4
Rg4 57. Kf6 Rg6+ 58. Kf5 Rg1 59. Re7+ Rg7 60. Rxg7+ Kxg7 61. Ke6 Kg6 62. f5+
Kg7 63. Ke7 {Black resigns} 1-0

[Event "ICC tourney 3172 (30 10)"]
[Site "Internet Chess Club"]
[Date "2023.04.15"]
[Round "5"]
[White "SHEEHAN, ETHAN THOMAS:Chessking2008"]
[Black "YAN, RUIYANG:jy2020"]
[Result "1-0"]
[ICCResult "Black resigns"]
[WhiteElo "2312"]
[BlackElo "2351"]
[Opening "QGD: 4.Nf3"]
[ECO "D37"]
[NIC "QI.01"]
[Time "20:00:52"]
[PlyCount "113"]
[TimeControl "1800+10"]

1. d4 Nf6 2. c4 e6 3. Nf3 d5 4. Nc3 a6 5. cxd5 exd5 6. Bg5 Be6 7. e3 c6 8.
Bd3 Bd6 9. O-O Nbd7 10. Bf4 Qc7 11. Bxd6 Qxd6 12. h3 O-O 13. Qc2 h6 14. Rab1
a5 15. Rfc1 Rfc8 16. a3 c5 17. dxc5 Nxc5 18. Nd4 Bd7 19. Qd2 a4 20. Rc2 Qb6
21. Nce2 Nfe4 22. Bxe4 dxe4 23. Ng3 Qg6 24. Nde2 Bb5 25. Nf4 Qa6 26. Qd4 Nb3
27. Rxc8+ Rxc8 28. Qxe4 Qc6 29. Qxc6 Rxc6 30. Nd5 Rc2 31. Nb4 Rd2 32. Ne4
Rd8 33. Nc3 Be8 34. Rd1 Rc8 35. Nbd5 Kf8 36. Nb6 Rc6 37. Ncxa4 Rg6 38. Nd7+
Ke7 39. Ndc5 Na5 40. Nc3 Bc6 41. Nd5+ Kd6 42. Nf4+ Kxc5 43. Nxg6 fxg6 44.
b4+ Kb5 45. bxa5 Kxa5 46. Rd4 Kb5 47. f3 Kc5 48. Kf2 b5 49. Ke1 Bb7 50. Kd2
Bc6 51. Kc3 g5 52. e4 h5 53. e5 g6 54. e6 g4 55. hxg4 hxg4 56. fxg4 g5 57.
e7 {Black resigns} 1-0

[Event "ICC tourney 3172 (30 10)"]
[Site "Internet Chess Club"]
[Date "2023.04.15"]
[Round "5"]
[White "YU, AVERY:Averyyu321"]
[Black "Makhmud, Adi:Chesshustler21"]
[Result "1-0"]
[ICCResult "Black resigns"]
[WhiteElo "1973"]
[BlackElo "1396"]
[Opening "Sicilian: Pelikan, Chelyabinsk variation"]
[ECO "B32"]
[NIC "SI.37"]
[Time "20:00:19"]
[PlyCount "89"]
[TimeControl "1800+10"]

1. e4 c5 2. Nf3 Nc6 3. d4 cxd4 4. Nxd4 e5 5. Nb5 d6 6. N1c3 Nf6 7. Bg5 a6 8.
Na3 b5 9. Nd5 Be7 10. Bxf6 Bxf6 11. c3 Be6 12. Nc2 Bg5 13. a4 Rb8 14. Be2
O-O 15. O-O Ne7 16. axb5 Bxd5 17. exd5 axb5 18. Nb4 Qb6 19. Ra6 Qc5 20. Qd3
f5 21. Rfa1 e4 22. Qg3 Bf6 23. Qxd6 Rbc8 24. Qe6+ Kh8 25. d6 Ng6 26. d7 Rcd8
27. Nd5 b4 28. Rc6 Qxc6 29. Qxc6 bxc3 30. bxc3 Ne5 31. Qb5 Nxd7 32. Nxf6
Rxf6 33. Rd1 Rf7 34. Bc4 Re7 35. Qxf5 g6 36. Qg5 Rde8 37. Qe3 Nf6 38. Rd6
Kg7 39. Qd4 Rf8 40. g4 g5 41. Qc5 h6 42. Be6 e3 43. fxe3 Rb8 44. Rb6 Rd8 45.
Qxe7+ {Black resigns} 1-0

[Event "ICC tourney 3172 (30 10)"]
[Site "Internet Chess Club"]
[Date "2023.04.15"]
[Round "5"]
[White "BARANWAL, SUVAN:suvanba"]
[Black "Yang, Daniel Benji Benji:DanielYang99"]
[Result "1-0"]
[ICCResult "Black forfeits on time"]
[WhiteElo "1900"]
[BlackElo "1603"]
[Opening "Scotch: Göring gambit, Bardeleben variation"]
[ECO "C44"]
[NIC "SO.06"]
[Time "20:00:09"]
[PlyCount "75"]
[TimeControl "1800+10"]

1. e4 e5 2. Nf3 Nc6 3. d4 exd4 4. c3 dxc3 5. Nxc3 Bb4 6. Bc4 Nf6 7. e5 d5 8.
exf6 dxc4 9. Qe2+ Be6 10. fxg7 Rg8 11. Bg5 Qd3 12. Qxd3 cxd3 13. Bf6 Be7 14.
Ne4 Bd5 15. Bxe7 Kxe7 16. Ng3 Bxf3 17. gxf3 Rad8 18. O-O-O Kf6 19. Ne4+ Kxg7
20. Rhg1+ Kf8 21. Rxg8+ Kxg8 22. Nc5 b6 23. Nxd3 Kg7 24. f4 Kf6 25. Kc2 Nd4+
26. Kc3 Ne2+ 27. Kc2 Kf5 28. Re1 Nd4+ 29. Kc3 Ne6 30. Re5+ Kf6 31. Re3 Rd5
32. Rh3 h5 33. Rg3 Rf5 34. Rf3 c5 35. Kd2 Nd4 36. Rh3 Ne6 37. Ke3 c4 38. Ne1
{Black forfeits on time}
1-0

[Event "ICC tourney 3172 (30 10)"]
[Site "Internet Chess Club"]
[Date "2023.04.15"]
[Round "5"]
[White "CHINNI, RISHABH:alphachesplayer"]
[Black "Feng, Jay:TheDeadlyPawn"]
[Result "0-1"]
[ICCResult "White resigns"]
[WhiteElo "1993"]
[BlackElo "1882"]
[Opening "Caro-Kann: two knights, 3...Bg4"]
[ECO "B10"]
[NIC "CK.01"]
[Time "20:00:24"]
[PlyCount "62"]
[TimeControl "1800+10"]

1. e4 c6 2. Nf3 d5 3. Nc3 Bg4 4. h3 Bxf3 5. Qxf3 e6 6. d3 g6 7. Bd2 Bg7 8.
g4 Ne7 9. Bg2 O-O 10. Qg3 Nd7 11. f4 Re8 12. O-O-O b5 13. h4 Qa5 14. Kb1 b4
15. Ne2 Rab8 16. f5 Nc5 17. h5 Bxb2 18. hxg6 Nxg6 19. fxg6 fxg6 20. d4 Na4
21. Qb3 Ba3 22. Rdf1 Nc3+ 23. Ka1 Nxe2 24. Rxh7 Kxh7 25. Qh3+ Kg8 26. Qh6
Qc7 27. Qxg6+ Qg7 28. Qh5 Qxd4+ 29. c3 bxc3 30. Qg6+ Qg7 31. Qxg7+ Kxg7
{White resigns}
0-1